 Dungeon Crawl Stone Soup version 0.30.1 (webtiles) character file.

Game seed: 1006813158951598355

18 7w4c the Covered (level 2, 0/27 HPs)
             Began as a Minotaur Fighter on July 13, 2023.
             Slain by a gnoll
             ... wielding a +0 halberd
              (7 damage)
             ... on level 2 of the Dungeon.
             The game lasted 00:01:53 (847 turns).

7w4c the Covered (Minotaur Fighter)                  Turns: 847, Time: 00:01:53

Health: 0/27       AC:  8    Str: 20    XL:     2   Next: 48%
Magic:  1/1        EV:  9    Int:  5    God:
Gold:   26         SH:  4    Dex:  9    Spells: 1/1 levels left

rFire   + . .        a - +0 war axe
rCold   . . .        c - +0 buckler
rNeg    . . .        b - +0 scale mail
rPois   .            (helmet restricted)
rElec   .            (no cloak)
rCorr   .            h - +0 pair of gloves
SInv    .            (no boots)
Will    .....        (no amulet) Stlth
                     f - ring of protection from fire
HPRegen 0.24/turn    (no ring)
MPRegen 0.07/turn

%: no passive effects
@: no status effects
A: horns 2, retaliatory headbutt
a: no special abilities


You were on level 2 of the Dungeon.
You visited 1 branch of the dungeon, and saw 2 of its levels.

You collected 26 gold pieces.

Inventory:

Hand Weapons
 a - a +0 war axe (weapon)
Armour
 b - a +0 scale mail (worn)
 c - a +0 buckler (worn)
 h - a +0 pair of gloves (worn)
Jewellery
 f - a ring of protection from fire (left hand)
 j - an amulet of regeneration
Scrolls
 e - 2 scrolls of identify {unknown}
Potions
 d - a potion of might
 g - a potion of haste {unknown}
 i - a potion of berserk rage {unknown}


   Skills:
 + Level 3.9 Fighting
 + Level 2.4 Axes
 + Level 4.2 Armour
 + Level 3.8 Shields


You had one spell level left.
You didn't know any spells.
Your spell library contained the following spells:

 Spells                   Type           Power      Damage    Failure   Level
 Frozen Ramparts          Ice            0%         1d1       99%         3
 Ice Form                 Ice/Tmut       0%         N/A       100%        4
 Summon Ice Beast         Ice/Summ       0%         N/A       100%        4


Dungeon Overview and Level Annotations

Branches:
Dungeon (2/15)

Altars:


Innate Abilities, Weirdness & Mutations

You have a pair of horns on your head.
You reflexively headbutt those who attack you in melee.


Message History

You kill the goblin!
Things that are here:
a +0 dagger; a goblin corpse
Things that are here:
a +0 dagger; a kobold corpse
Found a spear.
A ball python comes into view.
The ball python hisses angrily.
You barely miss the ball python. You headbutt the ball python.
You kill the ball python!
You see here a +0 sling.
You now have 26 gold pieces (gained 14).
There is a stone staircase leading down here.
Done exploring.
Done exploring.
There is a stone staircase leading down here.
You climb downwards.
There is a stone staircase leading up here.
Found a leather armour.
You see here a +0 leather armour.
Found a stone staircase leading down.
You open the door.
A worm and 2 gnolls come into view.
The gnoll shouts! x2; You hear a shout!
A gnoll comes into view. It is wielding a +0 flail.
The gnoll shouts!
The gnoll misses you.
There is an open door here.
Found a scroll labelled KOH COBEM XID.
The gnoll hits you from afar with a +0 halberd!
A hobgoblin comes into view.
The gnoll hits you from afar with a +0 spear.
The gnoll hits you but does no damage.
Found a spear.
The gnoll barely misses you. You furiously retaliate!
You headbutt the gnoll! The gnoll barely misses you.
The gnoll hits you from afar with a +0 halberd!
* * * LOW HITPOINT WARNING * * *
The gnoll hits you but does no damage.
The gnoll hits you from afar with a +0 halberd!
You die...

.... #[#.#.#.###
....###.#...#...#
........#######.#
...........>..#.#
..##....###.#.#.#
..#####'###+#.#.#
..............#.#
.....g.g......#<#
......g@......###
.....w........#
..g...........#
..............#
..............#
.#..?..####+###
#.)... ######


You could see a worm, 3 gnolls and a hobgoblin.

Vanquished Creatures
  A dart slug (D:1)
  2 ball pythons (D:1)
  An endoplasm (D:1)
  A goblin (D:1)
  3 hobgoblins (D:1)
  A kobold (D:1)
  A quokka (D:1)
  2 bats (D:1)
  A frilled lizard (D:1)
  A rat (D:1)
14 creatures vanquished.

Notes
Turn   | Place    | Note
-------+----------+-------------------------------------------
     0 | D:1      | 7w4c the Minotaur Fighter began the quest for the Orb.
     0 | D:1      | Reached XP level 1. HP: 19/19 MP: 0/0
   153 | D:1      | Reached skill level 4 in Armour
   250 | D:1      | Reached XP level 2. HP: 27/27 MP: 1/1
   847 | D:2      | Slain by a gnoll

Illustrated notes

Levels and vault maps discovered:
D:1:      dpeg_arrival_orchard, layout_basic, minmay_misc_feat_pillars
D:2:      layout_basic, shapermc_ecumenical_altar_starsandcircs, minmay_circle_x

Skill      XL: |  1 |
---------------+----+-----
Armour         | 4 |  4.2
Fighting       | |  3.9
Axes           | |  2.4
Shields        | |  3.8

Action                     || total
---------------------------++-------
  Melee: War axe           ||    31
         Headbutt          ||     3
 Armour: Scale mail        ||    30
  Dodge: Dodged            ||    17
  Block: Buckler           ||     7
